 Dungeon Crawl Stone Soup version 0.26.1-2-gb8aa6d0cf2 (webtiles) character file.

Game seed: 10227710359636216713

38 jmmainvi the Sneak (level 3, -2/16 HPs)
             Began as a Spriggan Enchanter on Feb 13, 2021.
             Slain by an adder (4 damage)
             ... on level 3 of the Dungeon.
             The game lasted 00:06:33 (1612 turns).

jmmainvi the Sneak (Spriggan Enchanter)             Turns: 1612, Time: 00:06:33

Health: -2/16      AC:  2    Str:  4    XL:     3   Next: 25%
Magic:  4/8        EV: 18    Int: 17    God:
Gold:   114        SH:  0    Dex: 16    Spells: 4/7 levels left

rFire    . . .     SeeInvis +   a - +1 dagger
rCold    . . .     Faith    .   (shield restricted)
rNeg     . . .     Spirit   .   b - +0 robe
rPois    .         Reflect  .   (helmet restricted)
rElec    .         Harm     .   (no cloak)
rCorr    .         Rampage  .   (gloves unavailable)
Will     .....                  (boots unavailable)
Stlth    +++.......             (no amulet)
HPRegen  0.05/turn              (no ring)
MPRegen  0.11/turn              (no ring)

@: lethally poisoned (-2 -> -11), very quick
A: very small, unfitting armour, see invisible, speed 3
a: no special abilities


You were on level 3 of the Dungeon.
You visited 1 branch of the dungeon, and saw 4 of its levels.

You collected 114 gold pieces.

Inventory:

Hand Weapons
 a - a +1 dagger (weapon)
Missiles
 c - 5 poisoned darts (quivered)
 f - 22 bolts
Armour
 b - a +0 robe (worn)
Magical Staves
 e - an uncursed staff of poison
Jewellery
 g - a cursed -4 ring of protection {unknown}
Potions
 d - a potion of berserk rage


   Skills:
 - Level 1.1 Short Blades
 - Level 3.0 Dodging
 + Level 5.1 Stealth
 - Level 2.6 Spellcasting
 + Level 4.4 Hexes
 * Level 1.1 Ice Magic


You had 4 spell levels left.
You knew the following spells:

 Your Spells              Type           Power        Failure   Level
a - Corona                Hex            18%          3%          1
b - Ensorcelled Hibernat  Hex/Ice        22%          9%          2

Your spell library contained the following spells:

 Spells                   Type           Power        Failure   Level
 Confusing Touch          Hex            17%          9%          3
 Tukima's Dance           Hex            17%          9%          3
 Dazzling Flash           Conj/Hex       18%          22%         3


Dungeon Overview and Level Annotations

Branches:
Dungeon (4/15)
 Temple: D:4-7

Altars:
Ashenzari

Annotations:
D:4 1 runed translucent door, rozman's ghost, amateur DEIE


Innate Abilities, Weirdness & Mutations

You are very small and have problems with some larger weapons.
You are too small for most types of armour.
You have supernaturally acute eyesight. (SInv)
You cover ground extremely quickly.


Message History

You feel sick.
There is a stone staircase leading down here.
* * * LOW HITPOINT WARNING * * *
You feel sick.
Casting: Ensorcelled Hibernation (safe; 9% risk of failure)
Confirm with . or Enter, or press ? or * to list all spells.
Aiming: Ensorcelled Hibernation (safe; 9% risk of failure)
Press: ? - help, Shift-Dir - straight line, f - adder
Aim: an adder (chance to affect: 50%)
The adder resists with some effort.
The adder closely misses you.
Casting: Ensorcelled Hibernation (safe; 9% risk of failure)
Confirm with . or Enter, or press ? or * to list all spells.
Aiming: Ensorcelled Hibernation (safe; 9% risk of failure)
Press: ? - help, Shift-Dir - straight line, f/p - adder
Aim: an adder (chance to affect: 50%)
The adder resists with some effort.
* * * LOW HITPOINT WARNING * * *
You feel sick. The adder completely misses you. The adder closely misses you.
You closely miss the adder. The adder bites you.
You die...

..........>....##
#o................#
#............###..### ####
#............#....... #..
............#...... #.#
###.##.####.........# #.#
#....#.# #.....#...#
#.#####....#.#####.#..#....
#...........hS@.......[.....
#..........#######.#..#.....
#.#####....# #.#..######
#.#.###....#######.#....
#.#..............#g##.#.#
#.............##.#.# .....
###.#########.<..#.# ......
#.# #######.####.##......
####g###........###........


You could see an adder and a jackal.

Vanquished Creatures
  An adder (D:2)
  A worm (D:4)
  A giant cockroach (D:1)
  2 hobgoblins
  3 jackals (D:4)
  4 kobolds
  2 quokkas (D:2)
  4 bats
  4 frilled lizards
  A goblin (D:1)
  A rat (D:3)
24 creatures vanquished.

Notes
Turn   | Place    | Note
-------+----------+-------------------------------------------
     0 | D:1      | jmmainvi the Spriggan Enchanter began the quest for the
                  | Orb.
     0 | D:1      | Reached XP level 1. HP: 9/9 MP: 5/5
   408 | D:1      | Reached XP level 2. HP: 13/13 MP: 6/6
   411 | D:1      | Learned a level 2 spell: Ensorcelled Hibernation
   487 | D:2      | Reached skill level 5 in Stealth
  1131 | D:2      | Reached skill level 1 in Ice Magic
  1131 | D:2      | Reached XP level 3. HP: 16/16 MP: 8/8
  1146 | D:2      | Found a broken altar of Ashenzari.
  1155 | D:2      | You fall into a shaft and drop 2 floors!
  1202 | D:4      | Noticed a phantom
  1262 | D:4      | Noticed a scorpion
  1424 | D:4      | Found a runed translucent door.
  1424 | D:4      | Noticed rozman's ghost (amateur DEIE)
  1612 | D:3      | Slain by an adder

Illustrated notes

Levels and vault maps discovered:
D:1:      dpeg_arrival_boxorama, layout_loops_ring, minivault_24
D:2:      layout_basic, ashenzari_altar_1, nrook_uturn,
          kennysheep_generic_room_16, uniq_natasha
D:3:      layout_basic, general_overflow_altar, nicolae_xom_altar_mimics,
          uniq_ijyb
D:4:      layout_cave_pods, minmay_temple_entry_from_below_a,
          cheibrodos_sewer_entry_bend, ebering_ghost_sewer_f

Skill      XL: |  1  2 |
---------------+-------+-----
Hexes          | 4 |  4.4
Stealth        | 5 |  5.1
Ice Magic      | 1 |  1.1
Short Blades   | |  1.1
Dodging        | |  3.0
Spellcasting   | |  2.6

Action                   || total
-------------------------++-------
Melee: Dagger            ||    65
 Cast: Corona            ||     4
       Ensorcelled Hiber ||    21
  Use: Potion            ||     1
       Scroll            ||     1
 Stab: Sleeping          ||    17
Armor: Robe              ||     6
Dodge: Dodged            ||    64
